 Dungeon Crawl Stone Soup version 0.18.1-48-g4cf74bf (webtiles) character file.

1038 atgrul the Spear-Bearer (level 8, 0/62 HPs)
             Began as a Merfolk Skald on Aug 14, 2016.
             Was a Believer of Okawaru.
             Killed by divine providence
             ... invoked by an orc priest
              (15 damage)
             ... on level 5 of the Dungeon.
             The game lasted 00:22:36 (6771 turns).

atgrul the Spear-Bearer (Merfolk Skald)             Turns: 6771, Time: 00:22:37

Health: 0/62       AC:  6    Str: 14    XL:     8   Next: 24%
Magic:  11/11      EV: 15    Int: 12    God:    Okawaru [**....]
Gold:   163        SH:  0    Dex: 13    Spells: 1 memorised, 10 levels left

rFire  . . .     SeeInvis .     o - +3 trident (holy)
rCold  + . .     Gourm    +     b - +0 leather armour
rNeg   . . .     Faith    .     (no shield)
rPois  .         Spirit   .     (no helmet)
rElec  .         Dismiss  .     (no cloak)
rCorr  .         Reflect  .     (no gloves)
SustAt .         Harm     .     D - +2 pair of boots
MR     .....                    n - amulet of the gourmand
Stlth  +.........               (no ring)
                                q - ring of protection from cold

@: about to teleport, not resistant to hostile enchantments, very unstealthy
A: change form in water, swift swim
a: Heroism, Renounce Religion


You were on level 5 of the Dungeon.
You worshipped Okawaru.
Okawaru was pleased with you.
You were very full.

You visited 1 branch of the dungeon, and saw 5 of its levels.

You collected 163 gold pieces.

Inventory:

Hand Weapons
 a - a +0 spear
 i - a +0 short sword of venom
 o - a +3 trident of holy wrath (weapon)
Missiles
 j - 2 throwing nets (quivered)
Armour
 b - a +0 leather armour (worn)
 D - a +2 pair of boots (worn)
Jewellery
 n - an amulet of the gourmand (around neck)
 q - a ring of protection from cold (left hand)
 F - an uncursed amulet of harm {unknown}
Scrolls
 e - a scroll of recharging
 g - 2 scrolls of teleportation
 k - 4 scrolls of remove curse
 p - a scroll of enchant armour
 v - a scroll of fear
 w - a scroll of blinking {unknown}
 y - a scroll of enchant weapon
 C - a scroll of identify {unknown}
Potions
 h - a potion of berserk rage {unknown}
 l - 3 potions of heal wounds {unknown}
 m - a potion of mutation {unknown}
 s - a potion of haste {unknown}
 u - a potion of curing
 x - 2 potions of agility {unknown}
 z - 2 potions of flight {unknown}
 A - a potion of resistance {unknown}
 E - a potion of might {unknown}
Books
 c - a book of Battle

   Spells                             Type                      Level
   a - Infusion                       Charms                       1
   b - Shroud of Golubria             Charms/Translocation         2
   c - Song of Slaying                Charms                       2
   d - Spectral Weapon                Hexes/Charms                 3
   e - Regeneration                   Charms/Necromancy            3
Comestibles
 d - 6 bread rations
 f - 3 beef jerkies
 r - 2 slices of pizza
 t - 3 meat rations
 B - a royal jelly
 G - 2 chunks of flesh


   Skills:
 + Level 5.3 Fighting
 + Level 8.2 Polearms
 - Level 0.6 Armour
 + Level 6.9 Dodging
 - Level 0.8 Stealth
 - Level 2.0 Spellcasting
 + Level 4.6 Charms


You had 10 spell levels left.
You knew the following spells:

 Your Spells              Type           Power        Failure   Level  Hunger
a - Infusion              Chrm           ##..         6%          1    ##.....


Dungeon Overview and Level Annotations

Branches:
Dungeon (5/15)             Temple (0/1) D:4

Altars:
Makhleb
Nemelex Xobeh
Okawaru
Pakellas
Trog
Yredelemnul

Shops:
D:4 =

Annotations:
D:5 Pikel


Message History

An orc priest comes into view.
You barely miss the orc priest. The orc priest barely misses you.
You barely miss the orc priest.
The orc priest invokes the aid of Beogh against you.
Beogh smites you!
You closely miss the orc priest. The orc priest barely misses you.
The orc priest invokes the aid of Beogh against you.
Beogh smites you!
As you read the scroll of teleportation, it crumbles to dust.
You feel strangely unstable.
The orc priest invokes the aid of Beogh against you.
Pain shoots through your body!
* * * LOW HITPOINT WARNING * * *
The orc priest calls down the wrath of Beogh upon you.
Beogh smites you!
* * * LOW HITPOINT WARNING * * *
You feel better. The orc priest closely misses you.
The orc priest calls down the wrath of Beogh upon you.
Beogh smites you!
You die...

#.....#..#..(.#..#.......
#.....#>.#....#..#....p).
######.....#..)....+..#......#
#........).#.o#....##'#......#
#..........#..#..............+
#...>......#..#..............#
#..........#..#........#######
####'#.....#oo#........#.....[
#....#.....#.@#####....'.....)
#....#.....#......#....#......
##.>.#.....#......#....#......
##...#.....#......#....#.a....
#....#.....#..##..'....#######
#....#.....#####..#...........
#....#.....#..##'##...........
######.....#..##..#####..K....
#..........#......#...'.......


You could see 3 orc priests.

Vanquished Creatures
  The ghost of atgrul the Poker, an amateur MfSk (D:4)
  Purgy (D:4)
  An ogre (D:5)
  An ice beast (D:5)
  2 scorpions
  A howler monkey (D:4)
  4 hounds
  An orc priest (D:4)
  Natasha (D:3)
  3 worker ants (D:5)
  2 killer bee zombies (D:5)
  3 gnolls (D:5)
  6 adders
  3 oozes (D:3)
  2 adder zombies (D:5)
  2 worms
  2 dart slugs (D:1)
  3 giant geckos
  16 orcs
  2 ball pythons
  9 bats
  5 giant cockroaches
  8 goblins
  6 hobgoblins
  10 jackals
  4 giant newts
  3 kobolds
  8 rats
110 creatures vanquished.

Notes
Turn   | Place    | Note
--------------------------------------------------------------
     0 | D:1      | atgrul the Merfolk Skald began the quest for the Orb.
     0 | D:1      | Reached XP level 1. HP: 16/16 MP: 3/3
   145 | D:1      | Reached XP level 2. HP: 23/23 MP: 5/5
   447 | D:1      | Reached XP level 3. HP: 28/28 MP: 6/6
  1553 | D:2      | Found an iron altar of Okawaru.
  1569 | D:2      | Became a worshipper of Warmaster Okawaru
  1756 | D:2      | Reached XP level 4. HP: 17/35 MP: 2/7
  2002 | D:2      | Found an oddly glowing altar of Pakellas.
  3098 | D:3      | Reached skill level 4 in Polearms
  3183 | D:3      | Found a sparkling altar of Nemelex Xobeh.
  3194 | D:3      | Reached XP level 5. HP: 26/41 MP: 8/8
  3472 | D:4      | Noticed Natasha
  3529 | D:3      | Killed Natasha
  3637 | D:4      | Noticed Purgy
  3901 | D:4      | Reached skill level 5 in Polearms
  4271 | D:4      | Found a burning altar of Makhleb.
  4276 | D:4      | Reached XP level 6. HP: 37/48 MP: 9/9
  4396 | D:4      | Found a bloodstained altar of Trog.
  4454 | D:4      | Found a staircase to the Ecumenical Temple.
  4540 | D:4      | Noticed atgrul's ghost (amateur MfSk)
  4597 | D:5      | Entered Level 5 of the Dungeon
  4651 | D:5      | Reached skill level 5 in Dodging
  5101 | D:5      | Reached XP level 7. HP: 38/55 MP: 8/10
  5246 | D:5      | Reached skill level 6 in Polearms
  5254 | D:5      | Reached * piety under Okawaru
  5670 | D:5      | Reached skill level 7 in Polearms
  5843 | D:5      | Reached skill level 5 in Fighting
  6193 | D:5      | Noticed Pikel
  6237 | D:4      | Killed atgrul's ghost
  6237 | D:4      | Reached XP level 8. HP: 49/62 MP: 6/11
  6366 | D:4      | Found Hatiopp's Jewellery Shoppe.
  6443 | D:4      | Killed Purgy
  6443 | D:4      | Reached ** piety under Okawaru
  6443 | D:4      | Reached skill level 8 in Polearms
  6611 | D:4      | Found a basalt altar of Yredelemnul.
  6771 | D:5      | Killed from afar by an orc priest

Skill      XL: |  1  2  3  4  5  6  7  8 |
---------------+-------------------------+-----
Fighting       | 3 4 5 |  5.3
Charms         | 4 |  4.6
Dodging        | 2 3 4 5 6 |  6.9
Polearms       | 4 5 7 8 |  8.2
Armour         | |  0.6
Stealth        | |  0.8
Spellcasting   | |  2.0

Action                   |  1- 3 |  4- 6 |  7- 9 || total
-------------------------+-------+-------+-------++-------
Melee: Spear             |   109 |       |       ||   109
       Trident           |    38 |   190 |    89 ||   317
 Cast: Infusion          |     2 |     7 |     5 ||    14
  Use: Scroll            |       |     6 |     1 ||     7
       Potion            |       |     2 |     1 ||     3
 Stab: Sleeping          |     2 |       |     1 ||     3
       Distracted        |       |     1 |       ||     1
  Eat: Chunk             |     4 |    16 |     7 ||    27
Armor: Leather armour    |    34 |    34 |    19 ||    87
Dodge: Dodged            |    72 |   105 |    46 ||   223
